Map: Triton LE

Players

llllllllllll - Winner!

  • Race: Protoss Protoss
  • League: Master
  • Spawn Location: 11:00

IIIIIIIIII

  • Race: Protoss Protoss
  • League: Master
  • Spawn Location: 5:00

VOD

Have the link to the VOD?

Description

Time

  • Played on: Sept. 28, 2019, 5:46 a.m.
  • Length: 7:01
Show
View Real Time Build Order
Export as new Build Order

llllllllllll Protoss - Winner!

Build Orders:  

Get SALT Encoding   

  12  0:02  Probe  
  13  0:14  Probe  
  13  0:18  Pylon  
  14  0:26  Probe (Chrono Boost)  
  15  0:38  Probe (Chrono Boost)  
  15  0:39  Gateway  
  16  0:42  Probe (Chrono Boost)  
  16  0:47  Assimilator  
  17  0:54  Probe  
  18  0:57  Assimilator  
  18  1:06  Probe  
  19  1:15  Gateway  
  19  1:18  Probe (Chrono Boost)  
  20  1:26  Cybernetics Core  
  20  1:29  Probe (Chrono Boost)  
  21  1:34  Probe (Chrono Boost)  
  21  1:39  Pylon  
  22  1:45  Probe  
  23  1:57  Probe  
  24  2:03  Sentry, Stalker  
  24  2:05  Warp Gate  
  28  2:10  Probe  
  28  2:15  Pylon  
  29  2:29  Stalker  
  31  2:33  Stalker  
  33  2:56  Nexus  
  33  3:01  Shield Battery  
  33  3:06  Sentry  
  33  3:07  Sentry  
  37  3:15  Probe  
  37  3:19  Robotics Facility  
  38  3:28  Probe  
  38  3:31  Pylon  
  39  3:44  Shield Battery, Twilight Council  
  39  3:49  Probe  
  38  4:01  Zealot, Probe  
  38  4:02  Zealot  
  44  4:13  Probe x2 (Chrono Boost)  
  45  4:17  Resonating Glaives (Chrono Boost)  
  45  4:22  Immortal (Chrono Boost)  
  45  4:23  Probe (Chrono Boost)  
  46  4:28  Probe (Chrono Boost)  
  51  4:35  Probe  
  52  4:39  Probe  
  53  4:46  Gateway  
  53  4:49  Gateway  
  53  4:50  Probe  
  53  4:51  Probe  
  55  4:54  Observer  
  56  5:00  Gateway  
  56  5:07  Gateway  
  56  5:08  Gateway  
  56  5:17  Adept x2  
  56  5:20  Pylon  
  60  5:26  Warp Prism (Chrono Boost)  
  62  5:32  Pylon  
  62  5:37  Pylon  
  62  5:43  Adept  
  62  5:44  Adept  
  62  5:47  Adept  
  68  5:52  Adept  
  70  6:17  Adept x7  
  76  6:37  Adept x6  
  74  6:55  Stalker  
Show
View Real Time Build Order
Export as new Build Order

IIIIIIIIII Protoss 

Build Orders:  

Get SALT Encoding   

  12  0:02  Probe  
  13  0:14  Probe  
  13  0:17  Pylon  
  14  0:26  Probe (Chrono Boost)  
  15  0:38  Gateway, Probe (Chrono Boost)  
  16  0:46  Probe (Chrono Boost)  
  16  0:47  Assimilator  
  17  0:52  Probe  
  18  0:58  Assimilator  
  18  1:05  Probe  
  19  1:12  Gateway  
  19  1:17  Probe  
  20  1:29  Probe  
  20  1:30  Cybernetics Core  
  21  1:38  Pylon  
  21  1:41  Probe  
  22  1:53  Probe  
  23  2:04  Adept x2 (Chrono Boost)  
  23  2:05  Warp Gate (Chrono Boost), Probe  
  28  2:14  Pylon  
  28  2:17  Probe  
  29  2:25  Pylon  
  29  2:28  Pylon  
  28  2:47  Probe, Nexus  
  29  2:54  Robotics Facility  
  29  3:00  Probe  
  30  3:12  Probe  
  31  3:16  Gateway  
  31  3:24  Probe  
  31  3:26  Pylon  
  32  3:36  Probe  
  33  3:45  Immortal  
  38  3:48  Probe  
  36  4:00  Probe (Chrono Boost)  
  35  4:09  Probe (Chrono Boost)  
  36  4:11  Sentry x3  
  36  4:12  Probe (Chrono Boost)  
  44  4:17  Probe (Chrono Boost)  
  44  4:18  Probe (Chrono Boost)  
  44  4:22  Pylon  
  45  4:24  Observer  
  45  4:25  Robotics Bay  
  45  4:28  Probe (Chrono Boost)  
  48  4:33  Probe (Chrono Boost)  
  48  4:34  Assimilator  
  48  4:35  Probe (Chrono Boost)  
  48  4:36  Assimilator  
  49  4:39  Probe (Chrono Boost)  
  49  4:42  Probe  
  51  4:46  Immortal (Chrono Boost)  
  51  4:51  Probe  
  51  4:52  Pylon  
  56  4:54  Probe  
  57  5:03  Probe  
  57  5:06  Probe  
  59  5:09  Forge  
  59  5:15  Probe  
  59  5:18  Probe  
  59  5:20  Gateway  
  61  5:22  Gateway  
  61  5:24  Disruptor (Chrono Boost)  
  61  5:25  Gateway  
  61  5:27  Probe  
  65  5:36  Probe  
  65  5:37  Twilight Council  
  65  5:40  Pylon  
  65  5:41  Pylon  
  66  5:50  Disruptor  
  69  6:00  Pylon  
  69  6:02  Pylon  
  69  6:05  Pylon  
  69  6:08  Shield Battery  
  68  6:11  Stalker x2  
  72  6:22  Pylon  
  72  6:24  Stalker  
  72  6:25  Stalker  
  74  6:38  Stalker  
  74  6:39  Stalker  
  69  6:40  Zealot x2  
  64  6:51  Zealot x2  
Tags
 
Matchup
PvP
Spawn Locations
Cross Positions
Add a new tag
Caveats
  • Supply blocks, unpowered buildings, or Contaminate may cause inaccurate times.
  • Supply counts are checked every 10 seconds.